 Dungeon Crawl Stone Soup version 0.27.1-33-g824d729ab1 (webtiles) character file.

Game seed: 13199456720905780532

88 Atelerd the Digger (level 4, -3/27 HPs)
             Began as an Octopode Earth Elementalist on Dec 21, 2021.
             Killed by nerve-wracking pain
             ... invoked by Grinder
              (14 damage)
             ... on level 3 of the Dungeon.
             The game lasted 00:02:45 (3578 turns).

Atelerd the Digger (Octopode Earth Elementalist)    Turns: 3578, Time: 00:02:46

Health: -3/27      AC:  1    Str:  7    XL:     4   Next: 54%
Magic:  3/8        EV: 13    Int: 18    God:
Gold:   141        SH:  0    Dex: 12    Spells: 8/9 levels left

rFire    . . .     SeeInvis .   j - +0 dagger (venom)
rCold    . . .     Faith    .   (no shield)
rNeg     . . .     Spirit   .   (helmet restricted)
rPois    .         Reflect  .   (no amulet)
rElec    .         Harm     .   (no ring)
rCorr    .         Rampage  .   (no ring)
Will     .....                  (no ring)
Stlth    +++.......             (no ring)
HPRegen  0.09/turn              (no ring)
MPRegen  0.11/turn              (no ring)
                                (no ring)
                                (no ring)

@: very slightly contaminated
A: almost no armour, amphibious, 8 rings, camouflage 1, gelatinous body 1,
(nimble swimmer 1), tentacles
a: no special abilities


You were on level 3 of the Dungeon.
You visited 1 branch of the dungeon, and saw 3 of its levels.

You collected 141 gold pieces.

Inventory:

Hand Weapons
 a - a +0 dagger
 j - a +0 dagger of venom (weapon)
Missiles
 b - 51 stones
Jewellery
 g - a +4 ring of evasion
Scrolls
 d - a scroll of magic mapping {unknown}
 e - a scroll of vulnerability {unknown}
 f - a scroll of enchant weapon {unknown}
 h - a scroll of immolation
 i - a scroll of fog {unknown}
 k - a scroll of teleportation {unknown}
Potions
 c - a potion of lignification {unknown}


   Skills:
 - Level 2.0 Dodging
 - Level 2.6 Stealth
 + Level 3.1 Spellcasting
 - Level 2.0 Transmutations
 + Level 4.0 Earth Magic


You had 8 spell levels left.
You knew the following spells:

 Your Spells              Type           Power      Damage    Failure   Level
a - Sandblast             Erth           34%        2d9       3%          1

Your spell library contained the following spells:

 Spells                   Type           Power      Damage    Failure   Level
 Passwall                 Tmut/Erth      10%        N/A       7%          2
 Stone Arrow              Conj/Erth      20%        3d8       22%         3
 Petrify                  Tmut/Erth      13%        N/A       43%         4


Dungeon Overview and Level Annotations

Branches:
Dungeon (3/15)

Altars:

Annotations:
D:3 1 runed translucent door, Crazy Yiuf, Grinder


Innate Abilities, Weirdness & Mutations

You cannot wear most types of armour.
You are amphibious.
You can wear up to eight rings at the same time.
Your skin changes colour to match your surroundings (Stealth+).
Your rubbery body absorbs attacks. (AC +1, EV +1)
((You are camouflaged near water. (Stealth+)))
You have tentacles for arms and can constrict up to eight enemies at once.


Message History

Grinder says, "Mostly I couldn't keep them alive."
Casting: Sandblast (safe; 3% risk of failure)
Confirm with . or Enter, or press ? or * to list all spells.
Aiming: Sandblast (safe; 3% risk of failure)
Press: ? - help, Shift-Dir - straight line, f - Grinder
Aim: Grinder (77% to hit)
You miscast Sandblast.
You are very lightly contaminated with residual magic.
Nothing appears to happen.
Casting: Sandblast (safe; 3% risk of failure)
Confirm with . or Enter, or press ? or * to list all spells.
Aiming: Sandblast (safe; 3% risk of failure)
Press: ? - help, Shift-Dir - straight line, f/p - Grinder
Aim: Grinder (77% to hit)
The blast of sand hits Grinder but does no damage.
Casting: Sandblast (safe; 3% risk of failure)
Confirm with . or Enter, or press ? or * to list all spells.
Aiming: Sandblast (safe; 3% risk of failure)
Press: ? - help, Shift-Dir - straight line, f/p - Grinder
Aim: Grinder (77% to hit)
The blast of sand hits Grinder but does no damage.
Grinder closely misses you.
Casting: Sandblast (safe; 3% risk of failure)
Confirm with . or Enter, or press ? or * to list all spells.
Aiming: Sandblast (safe; 3% risk of failure)
Press: ? - help, Shift-Dir - straight line, f/p - Grinder
Aim: Grinder (77% to hit)
The blast of sand hits Grinder.
Grinder is lightly wounded.
Grinder hits you!
You writhe in agony.
Casting: Sandblast (safe; 3% risk of failure)
Confirm with . or Enter, or press ? or * to list all spells.
Aiming: Sandblast (safe; 3% risk of failure)
Press: ? - help, Shift-Dir - straight line, f/p - Grinder
Aim: Grinder (lightly wounded, 77% to hit)
The blast of sand misses Grinder.
Grinder gestures at you. Pain shoots through your body!
Ouch! That really hurt!
You die...

.....##### #.#.#
.....############.#.#
##..................#
.....############.###
###..# ##.# # #..#
#..# #..# #.#### #..#
#....# #..# #@#..#
###..# #5...# .....#
#.w..# ##...######
#...≈# #.#.†.....#
#...r# ##.#.####.#
#..≈≈r ##.## #.#
#...≈#≈ ###
#.######...≈≈≈#
#########.........


You could see Grinder, a worm and 2 rats.

Vanquished Creatures
  A hound skeleton (D:2)
  An adder (D:3)
  2 worms
  A dart slug (D:1)
  An orc (D:3)
  8 bats
  8 endoplasms
  A giant cockroach (D:3)
  9 hobgoblins
  A quokka (D:2)
  3 ball pythons
  7 goblins
  4 kobolds
  3 rats
50 creatures vanquished.

Notes
Turn   | Place    | Note
-------+----------+-------------------------------------------
     0 | D:1      | Atelerd the Octopode Earth Elementalist began the quest for
                  | the Orb.
     0 | D:1      | Reached XP level 1. HP: 11/11 MP: 3/3
   419 | D:1      | Reached XP level 2. HP: 17/17 MP: 5/5
  1522 | D:2      | Reached XP level 3. HP: 21/21 MP: 4/6
  2254 | D:2      | Reached XP level 4. HP: 17/27 MP: 8/8
  3365 | D:3      | Reached skill level 4 in Earth Magic
  3509 | D:3      | Found a runed translucent door.
  3510 | D:3      | Noticed Crazy Yiuf
  3570 | D:3      | Noticed Grinder
  3578 | D:3      | Killed from afar by Grinder

Illustrated notes

Levels and vault maps discovered:
D:1:      wander_arrival_chamber, layout_loops_ring
D:2:      cheibrodos_greedy_goblins, layout_basic, grunt_decor_resistance,
          minivault_27
D:3:      layout_loops_ring, nicolae_dithmenos_through_a_glass_darkly,
          ebering_ecumenical_altar_hall, lightli_sewer_entry_pipes,
          uniq_crazy_yiuf_cottage, uniq_grinder

Skill      XL: |  1  2  3  4 |
---------------+-------------+-----
Transmutations | 2 |  2.0
Spellcasting   | 3 |  3.1
Earth Magic    | 4 |  4.0
Dodging        | |  2.0
Stealth        | |  2.6

Action                   |  1- 3 |  4- 6 || total
-------------------------+-------+-------++-------
Melee: Unarmed           |    21 |       ||    21
       Constrict         |    15 |     5 ||    20
       Tentacles         |    16 |     1 ||    17
       Dagger            |    50 |    15 ||    65
 Cast: Sandblast         |    17 |    14 ||    31
  Use: Scroll            |       |     1 ||     1
 Stab: Sleeping          |    11 |       ||    11
Armor: Skin              |     7 |       ||     7
Dodge: Dodged            |    44 |    10 ||    54
